[Event "16th HSG Open-A 2022"]
[Site "Hilversum"]
[Date "2022.06.17"]
[Round "1.1"]
[White "Kanis, Sierk"]
[Black "Beerdsen, Thomas"]
[Result "0-1"]
[ECO "A45"]
[WhiteElo "2015"]
[BlackElo "2497"]
[Annotator "TA"]
[PlyCount "96"]
[EventDate "2022.06.17"]
[EventCountry "NED"]
[SourceTitle "playchess.com"]
[Source "ChessBase"]
[SourceQuality "1"]
[TimeControl "6600+10"]

1. d4 Nf6 2. Bf4 c6 3. c4 Qb6 4. Qd2 Ne4 5. Qc2 d5 (5... Qxd4 6. e3 Qf6 7. Qxe4 $16) 6. e3 {[%emt 0:01:57] A45: Trompowsky Attack.} (6. f3 $11 {feels stronger.} g5 7. Bc1 (7. Bxb8 Qa5+ 8. Nc3 Nxc3 $11) 7... Qa5+ 8. Nc3) 6... Bf5 $15 7. Bd3 {[%emt 0:02:11] [#]} (7. Qc1 $11 {keeps the balance.}) 7... Nd7 $146 (7... dxc4 $1 $17 8. Bxe4 Bxe4 9. Qxe4 Qxb2) ({Predecessor:} 7... dxc4 8. Bxe4 Bxe4 9. Qxe4 Qxb2 10. Bxb8 Qc1+ 11. Ke2 Rxb8 12. Nf3 Qxh1 13. Qe5 Rd8 {0-1 (23) Carlsen,M (2864)-Shevchenko,K (2652) Tornelo INT 2022}) 8. Ne2 $2 {[%emt 0:10:37] [#]} (8. Nc3 $14) 8... g5 (8... dxc4 $1 $17 9. Bxe4 Bxe4 10. Qxe4 Qxb2) 9. Bxg5 $1 $11 {[%emt 0:10:19] [#]} Rg8 (9... dxc4 $1 $11 10. Bxe4 Bxe4 11. Qxe4 Qxb2) 10. Bh4 (10. cxd5 $14 {keeps the upper hand.} cxd5 11. Bh4) 10... Rxg2 $2 (10... Rg4 $17 {keeps the pressure on. Hoping for ...dxc4.} 11. Bg3 dxc4 12. Bxe4 Bxe4) 11. Nbc3 $16 Nxc3 (11... Rg4 $14 12. Bg3 (12. cxd5 Rxh4 13. Bxe4 Bxe4 $11) 12... Nxg3 13. Bxf5 Nxf5 14. Qxf5 Rg6) 12. bxc3 (12. Bxf5 $16 Nxe2 13. Kxe2) 12... Bxd3 $11 13. Qxd3 Rg7 $36 {[%emt 0:04:28][%mdl 2048] Black has good play.} 14. cxd5 cxd5 15. Nf4 Qc6 16. Rb1 e6 17. Ke2 (17. Kd2 {is interesting.} Rg4 18. Bg3 Rc8 19. Rhc1) 17... Bd6 (17... Rc8 $11) 18. Nh5 (18. Rhg1 $16 Rxg1 19. Rxg1) 18... Rg6 19. Rhg1 (19. Bg3 $5 ) 19... Kf8 {[%emt 0:07:27] Prevents Ng7.} 20. Bg3 $1 Rc8 21. Bxd6+ Qxd6 22. Nf4 Rxg1 23. Rxg1 Nf6 24. Qb5 Rc7 25. Qb3 {[%emt 0:04:37] Against Qa3} (25. Qa4 $142) 25... Ne4 $17 26. Rc1 Qa6+ 27. Ke1 Qa5 28. Ne2 Qa6 ({Better is} 28... Nd6 $15) 29. f3 (29. Nf4 $11) 29... Nd6 $15 30. Nf4 {[%emt 0:01:10] Inhibits Qd3.} Rc6 31. Qb1 ({White should play} 31. Qc2) 31... Qa3 $17 {[%emt 0:00:15] And now ...Rb6 would win.} 32. Ne2 h5 (32... Rb6 $1 $19 33. Qxh7 Qxa2 34. Qh6+ Ke8) 33. Kf2 (33. Qh7 $17 {was called for.}) 33... Rb6 $1 $19 34. Qh7 Rb2 ({Weaker is} 34... Ke7 35. Rc2 $15) 35. Rc2 {[%emt 0:00:24] [#]} (35. Re1 {was necessary.}) 35... Qxa2 $2 {[%emt 0:00:29] Active counter play!} ({Inferior is} 35... Rxa2 36. Rxa2 Qxa2 37. Qxh5 $17) (35... Ne4+ $1 $19 {[%mdl 512] is more deadly.} 36. fxe4 Rxc2 37. Qh6+ Ke8 38. Qh8+ Ke7) 36. Rxb2 $17 Qxb2 37. Qxh5 $19 {[%emt 0:00:05][%mdl 4096] Endgame KQN-KQN} a5 ({Black should try} 37... Ke8 $17 38. Qg5 Kd7) 38. h4 $2 {[%emt 0:00:33][%mdl 8192] [#]} (38. e4 $11) 38... a4 $1 {[%emt 0:00:13] White must now prevent ...a3.} 39. Qg5 $2 (39. Qh8+ Ke7 40. Qb8) 39... a3 {[%emt 0:00:25] Threatens to win with ...a2.} 40. h5 a2 41. h6 Qb1 42. Qg7+ Ke7 {[%emt 0:00:03] Black mates.} 43. h7 a1=Q 44. h8=Q Qe1+ 45. Kg2 Qxe2+ 46. Kh3 Qh1+ 47. Kg4 Qexf3+ 48. Kg5 Ne4# {[%emt 0:00:03] Weighted Error Value: White=0.80/Black=0.32} 0-1

[Event "16th HSG Open-A 2022"]
[Site "Hilversum"]
[Date "2022.06.17"]
[Round "1.2"]
[White "Pijpers, Arthur"]
[Black "Noordhoff, Enno"]
[Result "1-0"]
[ECO "B28"]
[WhiteElo "2463"]
[BlackElo "2026"]
[Annotator "TA"]
[PlyCount "55"]
[EventDate "2022.06.17"]
[EventCountry "NED"]
[SourceTitle "playchess.com"]
[Source "ChessBase"]
[SourceQuality "1"]
[TimeControl "6600+10"]

1. e4 c5 2. Nf3 a6 3. Nc3 Nc6 4. d4 cxd4 5. Nxd4 e5 6. Nf5 d6 {[%emt 0:03:14] B28: Sicilian: 2 Nf3 a6 (O'Kelly Variation).} 7. Bc4 g6 8. Ne3 {[%emt 0:00:11] White is much more active.} ({But not} 8. Qd5 $2 Be6 9. Qd3 Nb4 $19) 8... Nf6 {[%emt 0:00:29] White is slightly better.} 9. Ned5 Nxd5 10. Nxd5 {[%emt 0:00:22] aiming for Be3.} ({Avoid the trap} 10. Qxd5 $2 Be6 11. Qd3 Nb4 $19) 10... b5 11. Bb3 Bg7 {[%emt 0:00:56] [#]} 12. c3 $146 ({Predecessor:} 12. Be3 O-O 13. O-O Nd4 14. Bxd4 exd4 15. Qd3 Kh8 16. a4 bxa4 17. Rxa4 Rb8 18. Rb4 Rxb4 19. Nxb4 {½-½ (44) Klein,F (2148)-Karimi,F (2204) Germany 2005}) 12... O-O 13. h4 {[%emt 0:00:05][%cal Bh2h4,Bh4h5][%mdl 32] [#] Bg5 is the strong threat.} h6 {[%emt 0:23:47] Against Bg5} 14. Be3 Be6 15. a4 Rb8 16. axb5 axb5 17. h5 {[%emt 0:09:15] [#] Strongly threatening hxg6.} g5 18. Ra6 Na5 19. Ba2 (19. Bb6 $16 Rxb6 20. Rxa5) 19... Bc8 $2 {[%emt 0:00:00][%mdl 8192] Loses the game.} ({Better is} 19... Nc4 $14) 20. Bb6 $18 Bxa6 21. Bxd8 Rbxd8 22. Ne7+ Kh7 23. Bd5 Nb7 $2 (23... Nc4 24. Qb3 Rd7) 24. b4 Rd7 25. Nf5 Rc8 (25... Nd8 $142 26. Qa1 Bc8) 26. Qa1 {[%emt 0:03:04] White is clearly winning.} Ra8 27. c4 Rdd8 28. Rh3 {[%emt 0:00:43] Weighted Error Value: White=0.15 (very precise) /Black=0.47} 1-0

[Event "16th HSG Open-A 2022"]
[Site "Hilversum"]
[Date "2022.06.17"]
[Round "1.3"]
[White "Verkooyen, Frank"]
[Black "Gilmanov, Mansur"]
[Result "0-1"]
[ECO "A84"]
[WhiteElo "2024"]
[BlackElo "2390"]
[Annotator "TA"]
[PlyCount "130"]
[EventDate "2022.06.17"]
[EventCountry "NED"]
[SourceTitle "playchess.com"]
[Source "ChessBase"]
[SourceQuality "1"]
[TimeControl "6600+10"]

1. d4 d5 2. c4 e6 3. Nc3 f5 4. cxd5 exd5 5. Bf4 Nf6 6. e3 {[%emt 0:00:14] A84: Dutch Defence: 2 c4 Miscellaneous.} Bd6 7. Bxd6 Qxd6 8. Bd3 {[%emt 0:00:09] White is slightly better.} O-O 9. Nge2 c6 10. Qc2 Ne4 {[%emt 0:01:38] [#]} 11. O-O $146 (11. Bxe4 fxe4 12. Nf4 Nd7 $15) ({Predecessor:} 11. Qb3 Qe7 12. Rf1 b6 13. O-O-O Ba6 14. Bxa6 Nxa6 15. Kb1 Nc7 16. Qc2 Qd7 17. f3 {1-0 (45) Yoshioka,H (1666)-Dias,M (1722) Sao Paulo 2016}) 11... Be6 12. Rad1 ({Much worse is} 12. Bxe4 fxe4 13. Qb3 b6 $11) 12... Nd7 13. f3 Nxc3 14. bxc3 Rae8 15. Ng3 g6 16. e4 fxe4 17. fxe4 dxe4 18. Nxe4 Qd5 19. Qb2 c5 20. Nf2 cxd4 21. cxd4 Nf6 22. Rd2 Qg5 23. Re2 Bd5 24. Nh3 Rxe2 25. Qxe2 Qh5 26. Qe7 Rf7 $40 {[%emt 0:00:45][%mdl 128] Black mounts an attack.} (26... Qg4 $5 27. Nf4 Bxa2 $14) 27. Qd6 Qg4 28. Nf4 Kg7 $2 29. Be2 $2 (29. Qe5 $18 Bxa2 30. d5) 29... Qd7 $1 $11 30. Qe5 Bxa2 31. Nd3 Qe7 32. Nc5 $2 (32. Ra1 $11 {and White has nothing to worry.} Bc4 33. Rxa7) 32... b6 $19 33. Nd3 (33. Na6 $17) 33... Qxe5 34. dxe5 Ne8 (34... Ne4 $19 35. Ra1 Be6) 35. Rc1 Rc7 36. Ra1 Bc4 {[%emt 0:00:31] Black is more active.} (36... Bg8 $142 37. Kf2 a5) 37. Kf2 Kf7 38. Ke3 Re7 ({Better is} 38... a5 $17 39. Nf4 Bxe2 40. Nxe2 Rc5 41. Rf1+ Ke7) 39. Kd4 $15 Be6 40. Rf1+ {[%emt 0:00:04] [#]} Kg7 $1 41. Nb4 (41. Nf4 $17 {might work better.}) 41... Rd7+ 42. Ke3 Nc7 {[%emt 0:00:02] Inhibits Bb5.} 43. Rf6 $2 (43. Bd3) 43... a5 $19 44. Bb5 axb4 (44... Nxb5 $142 45. Rxe6 axb4 46. Rxb6 Nc3) 45. Bxd7 Bxd7 46. Rd6 {[%emt 0:00:09] [#] Against Nd5+} Bf5 {[%emt 0:00:23] Hoping for ...b3.} 47. Kd2 b5 48. Rb6 b3 49. Kc1 ({Don't blunder} 49. Rb7 $2 b2 50. Rxc7+ Kh6 $19) 49... Ne6 50. Rxb5 Bc2 {[%emt 0:00:14] White must now prevent ...h5.} 51. Rb7+ Kh6 52. Rb6 (52. h4 $17 {was worth a try.}) 52... Nc5 53. Kd2 (53. Rb5 $142 Nd3+ 54. Kd2) 53... Kg5 54. Rc6 $2 (54. g4 {is the only way for White.}) 54... Ne4+ ({Wrong is} 54... Nd3 $2 55. Rc7 $19) 55. Kc1 Kf5 56. e6 {[%emt 0:00:06] Threatens to win with e7.} Kf6 57. g4 Ng5 58. h4 (58. e7+ $142 Kxe7 59. Rb6) 58... Nxe6 {[%emt 0:00:03] Strongly threatening ...Ke5.} 59. g5+ Ke5 {[%emt 0:00:03] ...Kd5 is the strong threat.} 60. Rb6 Nc5 61. Rb8 Kd4 62. Kd2 Bf5 {[%emt 0:00:10] ( -> ...Kc4)} 63. Rb4+ Kd5 64. Rb8 Kc4 65. Kc1 Kc3 {[%emt 0:00:08] Weighted Error Value: White=0.87/Black=0.34} 0-1

[Event "16th HSG Open-A 2022"]
[Site "Hilversum"]
[Date "2022.06.17"]
[Round "1.4"]
[White "Roebers, Eline"]
[Black "Gijsen, William"]
[Result "1-0"]
[ECO "B42"]
[WhiteElo "2369"]
[BlackElo "2030"]
[Annotator "TA"]
[PlyCount "55"]
[EventDate "2022.06.17"]
[EventCountry "NED"]
[SourceTitle "playchess.com"]
[Source "ChessBase"]
[SourceQuality "1"]
[TimeControl "6600+10"]

1. e4 c5 2. Nf3 e6 3. d4 cxd4 4. Nxd4 a6 5. Bd3 Bc5 6. Nb3 Ba7 7. O-O d6 {[%emt 0:00:59] B42: Sicilian: Kan Variation: 5 Bd3.} 8. Nc3 (8. Qg4 $5 ) 8... Nf6 9. Qe2 Qc7 {[%emt 0:03:59] The position is equal.} 10. Kh1 Nbd7 11. f4 b5 {[%emt 0:00:00] [#]} 12. a4 $146 ({Predecessor:} 12. Bd2 Bb7 13. Rae1 e5 14. a4 b4 15. Nd5 Nxd5 16. exd5 a5 17. fxe5 Nxe5 18. Bb5+ {1-0 (30) Zufic,M (2321)-Feletar,D (2420) Zadar 2002}) 12... b4 13. Nd1 (13. Na2 $14) 13... O-O 14. Bd2 Rb8 15. Nf2 e5 16. Rac1 Qd8 (16... exf4 {is more complex.} 17. Ng4 Nxg4 18. Qxg4 Ne5) 17. fxe5 dxe5 18. Bg5 h6 19. Bh4 Qb6 20. Nd2 Qe3 21. Qd1 Qc5 22. Bc4 Bb7 (22... Qc7 $11) 23. Ng4 $16 Nxg4 (23... Nxe4 $142 24. Nxh6+ gxh6 25. Qg4+ Kh8 26. Qxd7 Rfd8 27. Nxe4 (27. Bxd8 $2 {gets mated.} Qg1+ 28. Rxg1 Nf2#) 27... Rxd7 28. Nxc5 Bxc5) 24. Qxg4 Qd6 (24... Qc8 $142) 25. Rcd1 $40 {[%emt 0:01:02][%mdl 128] White wants a kill.} Nc5 $2 (25... Qc7 26. Be7 Be3) 26. Bf6 {[%emt 0:00:32][%csl Gf6][%cal Rg4g7] [#]} g5 27. Qh5 Kh7 28. Bxf7 {[%emt 0:00:06] Weighted Error Value: White=0.13 (very precise) /Black=0.48} 1-0

[Event "16th HSG Open-A 2022"]
[Site "Hilversum"]
[Date "2022.06.17"]
[Round "1.5"]
[White "Markus, John Raymond"]
[Black "Harff, Marcel"]
[Result "0-1"]
[ECO "A46"]
[WhiteElo "2019"]
[BlackElo "2336"]
[Annotator "TA"]
[PlyCount "86"]
[EventDate "2022.06.17"]
[EventCountry "NED"]
[SourceTitle "playchess.com"]
[Source "ChessBase"]
[SourceQuality "1"]
[TimeControl "6600+10"]

1. d4 Nf6 2. Nf3 e6 3. Bg5 c5 4. e3 Qb6 5. Bxf6 gxf6 6. Nbd2 {[%emt 0:00:27] A46: 1 d4 Nf6 2 Nf3 e6: Torre, London and Colle Systems.} cxd4 7. exd4 Qxb2 8. Bd3 {[%emt 0:02:45] The position is equal.} Nc6 9. O-O Nb4 $2 (9... Nxd4 $15 {keeps the upper hand.} 10. Rb1 Nxf3+ 11. Qxf3 Qd4) 10. Rb1 $2 (10. Nc4 $18 Qc3 11. Rb1 Nxa2 12. Rb3) 10... Qa3 $11 11. Bc4 {[%emt 0:13:20] [#]} (11. Rb3 $11 Qa5 12. Ne4) 11... d5 $146 {[%emt 0:03:28][%mdl 2048] Black has good play.} ({Predecessor:} 11... b6 12. Rb3 Qa5 13. a3 Nd5 14. Ne4 Be7 15. Nfd2 Nc7 16. Qf3 d5 17. Nxf6+ Kd8 {½-½ (51) Granados Gomez,M (2408)-Zlotnik,B (2419) Barcelona 2000}) 12. Bb5+ Kd8 13. c3 a6 (13... Qxc3 14. Qa4 $14) 14. Be2 ({Better is} 14. Rb3 $1 $15 Qxa2 15. Be2) 14... Qxc3 $17 ({Not} 14... Nxa2 15. Rb3 Nxc3 16. Rxa3 Nxd1 17. Rb3 $11) 15. Qa4 {[%emt 0:01:02] Strongly threatening Rfc1.} Bd7 16. Qa5+ {[%emt 0:01:24] [#]} Qc7 $1 17. Qa3 Nc6 18. Qb2 Rb8 19. Nb3 Bd6 20. Rfc1 Ke7 21. Nc5 Bxc5 22. Rxc5 Qd6 23. Qb6 (23. Qd2 $17) 23... Rhc8 $19 {[%emt 0:00:28][%cal Oc6d4] [#] White must now prevent ...Nxd4!} 24. Kf1 (24. Rcc1 $142) 24... Nd8 25. Qxd6+ Kxd6 26. Rb6+ Rc6 27. Rcxc6+ Nxc6 (27... Bxc6 $2 {too greedy.} 28. g3 $19 (28. Bxa6 $2 Kc7 $19)) 28. Ke1 h6 29. Kd2 e5 30. dxe5+ fxe5 31. g3 Kc5 32. Rb1 b5 33. a3 a5 {[%emt 0:00:45][%cal Ba6a5,Ba5b4][%mdl 32] Black is clearly winning.} 34. Rc1+ Kd6 35. Rb1 b4 36. axb4 Rxb4 37. Rxb4 axb4 {[%emt 0:00:11][%mdl 4096] Endgame KBN-KBN} 38. Ne1 Nd4 39. Bd1 Bb5 40. f4 (40. Ng2 $142) 40... e4 41. g4 Ne6 42. f5 Nd4 43. Ng2 Nf3+ {[%emt 0:00:34] Weighted Error Value: White=0.47/Black=0.15 (very precise)} 0-1

[Event "16th HSG Open-A 2022"]
[Site "Hilversum"]
[Date "2022.06.17"]
[Round "1.6"]
[White "Elgersma, Onno"]
[Black "Straat, Evert-Jan"]
[Result "1-0"]
[ECO "C49"]
[WhiteElo "2303"]
[BlackElo "2034"]
[Annotator "TA"]
[PlyCount "81"]
[EventDate "2022.06.17"]
[EventCountry "NED"]
[SourceTitle "playchess.com"]
[Source "ChessBase"]
[SourceQuality "1"]
[TimeControl "6600+10"]

1. e4 e5 2. Nf3 Nf6 3. Nc3 Nc6 4. Bb5 Bb4 5. d3 d6 6. O-O Bg4 {[%emt 0:03:36] Recently 6...Bxc3 got a lot of attention. C49: Four Knights: 4 Bb5 Bb4.} (6... O-O $11 {keeps the balance.}) 7. h3 (7. Nd5 $16 Bc5 8. h3 Bxf3 9. Qxf3) 7... Bd7 $14 {[%emt 0:03:07] [#]} 8. Ne2 $146 ({Predecessor:} 8. Bg5 Nd4 9. Bxd7+ Qxd7 10. Nxd4 exd4 11. Ne2 c5 12. a3 Ba5 13. Rb1 O-O 14. b4 cxb4 15. axb4 {1-0 (50) Godel,W-Mougin,L Elancourt 2004}) 8... h6 {[%emt 0:10:59] White is slightly better.} 9. Ng3 Nd4 (9... O-O $14) 10. Bxd7+ Qxd7 (10... Nxd7 $16 11. Nxd4 exd4) 11. Nxd4 $18 exd4 12. Qf3 {[%emt 0:00:15][%cal Oe4e5] Threatens to win with e5!} Bc5 13. Nf5 Rg8 (13... Kf8 $142 14. Bd2 (14. Qg3 Rh7 $16) 14... Qe6) 14. Nxg7+ Rxg7 15. Qxf6 Rg6 16. Qf5 ({Stronger than} 16. Qh8+ Ke7 17. Qxa8 Qxh3 $11) 16... O-O-O 17. Qxd7+ Kxd7 18. f4 h5 19. f5 Rg7 20. Bh6 Rg3 21. Bf4 Rg7 22. Kf2 h4 23. Rh1 Rdg8 24. Rag1 c6 (24... Rh7 $142 25. Kf3 Rgh8) 25. g4 f6 26. Kf3 Bb6 27. Rg2 Bd8 28. Rhg1 Be7 29. c3 dxc3 30. bxc3 c5 31. d4 cxd4 32. cxd4 {[%emt 0:00:05] White is clearly winning.} Rc8 33. Rc1 {[%emt 0:00:21] Against Rc3+} Rxc1 34. Bxc1 {[%emt 0:00:06][%mdl 4096] Endgame KRB-KRB} Rg8 35. Rc2 Rg7 (35... a5 $142 36. Bf4 Rc8 37. Rxc8 Kxc8) 36. Bf4 Rg8 37. e5 dxe5 38. dxe5 fxe5 39. Bxe5 Bd8 40. Rd2+ Ke7 41. Ke4 {[%emt 0:00:26] Weighted Error Value: White=0.09 (flawless) /Black=0.35} 1-0

[Event "16th HSG Open-A 2022"]
[Site "Hilversum"]
[Date "2022.06.17"]
[Round "1.7"]
[White "Van Pel, Gerben"]
[Black "Wiersma, Eelke"]
[Result "0-1"]
[ECO "D43"]
[WhiteElo "2018"]
[BlackElo "2299"]
[Annotator "NA RC"]
[PlyCount "56"]
[EventDate "2022.06.17"]
[EventCountry "NED"]
[SourceTitle "playchess.com"]
[Source "ChessBase"]
[SourceQuality "1"]
[TimeControl "6600+10"]

1. d4 d5 2. c4 c6 3. Nf3 Nf6 4. Nc3 e6 5. Qc2 Nbd7 6. g4 dxc4 7. g5 Nd5 8. e4 Nxc3 9. bxc3 b5 10. h4 Bb7 11. Be3 c5 12. Rd1 cxd4 13. Nxd4 Qa5 14. Bg2 Nc5 15. O-O a6 16. f4 O-O-O 17. e5 Qc7 18. Rb1 Be7 19. a4 Nxa4 20. Nxb5 axb5 21. Rxb5 Bxg2 22. Qxa4 Bb7 23. Qa2 Rd5 24. Rb2 Rhd8 25. Bd4 Ra5 26. Qb1 Qc6 27. Kh2 Rb5 28. Rxb5 Qg2# 0-1

[Event "16th HSG Open-A 2022"]
[Site "Hilversum"]
[Date "2022.06.17"]
[Round "1.8"]
[White "Van Foreest, Machteld"]
[Black "Galje, Hans"]
[Result "1/2-1/2"]
[ECO "C07"]
[WhiteElo "2287"]
[BlackElo "2020"]
[Annotator "NA RC"]
[PlyCount "82"]
[EventDate "2022.06.17"]
[EventCountry "NED"]
[SourceTitle "playchess.com"]
[Source "ChessBase"]
[SourceQuality "1"]
[TimeControl "6600+10"]

1. e4 e6 2. d4 d5 3. Nd2 c5 4. exd5 Qxd5 5. dxc5 Bxc5 6. Ngf3 Nf6 7. Bc4 Qd8 8. O-O O-O 9. Qe2 Nc6 10. Nb3 Be7 11. Rd1 Qc7 12. c3 b6 13. Nbd4 Nxd4 14. Rxd4 Bb7 15. Bf4 Qc6 16. b4 Rad8 17. Rad1 Rxd4 18. Rxd4 Rd8 19. Qd3 Rxd4 20. Qxd4 Qe4 21. h3 Qxd4 22. Nxd4 Ne4 23. Ne2 Bf6 24. b5 e5 25. Bh2 Nd6 26. Bd3 e4 27. Bc2 Nxb5 28. c4 Nd4 29. Nxd4 Bxd4 30. Bb8 a5 31. Bd6 g6 32. Bb3 Kg7 33. Kf1 f5 34. Ke2 Kf6 35. f3 exf3+ 36. gxf3 g5 37. Bc2 h5 38. Bc7 g4 39. fxg4 hxg4 40. hxg4 fxg4 41. Bf4 Bf3+ 1/2-1/2

[Event "16th HSG Open-A 2022"]
[Site "Hilversum"]
[Date "2022.06.17"]
[Round "1.10"]
[White "Nagtegaal, Kees"]
[Black "Helmond, Frans"]
[Result "1-0"]
[ECO "A15"]
[WhiteElo "2277"]
[BlackElo "2001"]
[Annotator "NA RC"]
[PlyCount "85"]
[EventDate "2022.06.17"]
[EventCountry "NED"]
[SourceTitle "playchess.com"]
[Source "ChessBase"]
[SourceQuality "1"]
[TimeControl "6600+10"]

1. c4 Nf6 2. g3 d5 3. cxd5 Nxd5 4. Bg2 c6 5. Nf3 g6 6. O-O Bg7 7. d4 Nd7 8. e4 N5b6 9. Nc3 Nf6 10. Qe2 O-O 11. Rd1 Bg4 12. h3 Bxf3 13. Bxf3 Qc8 14. e5 Nfd5 15. Ne4 f5 16. Nc5 e6 17. Bd2 Re8 18. b4 Nd7 19. Nb3 Qd8 20. Na5 Qb6 21. Nc4 Qc7 22. Nd6 Reb8 23. Rac1 Bf8 24. Bxd5 exd5 25. Bf4 Nb6 26. Re1 Qd8 27. h4 h6 28. Qe3 Be7 29. Bxh6 Bxd6 30. exd6 Qxd6 31. Bf4 Qd7 32. Bxb8 Rxb8 33. Qe6+ Qxe6 34. Rxe6 Kg7 35. Re7+ Kh6 36. Rce1 Nc4 37. Rd7 Nd2 38. Kg2 Ne4 39. f3 Nf6 40. Rf7 Ng8 41. g4 fxg4 42. fxg4 a5 43. Kg3 1-0

[Event "16th HSG Open-A 2022"]
[Site "Hilversum"]
[Date "2022.06.17"]
[Round "1.11"]
[White "Buijten, Arno"]
[Black "Pham, Khoi"]
[Result "0-1"]
[ECO "D45"]
[WhiteElo "2006"]
[BlackElo "2291"]
[Annotator "NA RC"]
[PlyCount "74"]
[EventDate "2022.06.17"]
[EventCountry "NED"]
[SourceTitle "playchess.com"]
[Source "ChessBase"]
[SourceQuality "1"]
[TimeControl "6600+10"]

1. Nf3 d5 2. d4 Nf6 3. c4 c6 4. Nc3 e6 5. e3 Nbd7 6. Qc2 Bd6 7. b3 O-O 8. Bd3 e5 9. dxe5 Nxe5 10. Nxe5 Bxe5 11. Bb2 Bg4 12. O-O Qe7 13. Rae1 Rad8 14. f4 Bc7 15. cxd5 cxd5 16. Nb5 Ba5 17. Ba3 Bb4 18. Bxb4 Qxb4 19. f5 Bxf5 20. a3 Bxd3 21. Qxd3 Qe4 22. Qd2 a6 23. Nd4 Rfe8 24. Rf4 Qg6 25. Ref1 Ne4 26. Qe2 Nd6 27. R1f3 Re5 28. h4 Rde8 29. Kh2 Re4 30. Rg3 Qxg3+ 31. Kxg3 Rxe3+ 32. Qf3 Rxf3+ 33. Rxf3 Re4 34. Nf5 Nxf5+ 35. Rxf5 Re3+ 36. Kf4 Rxb3 37. Rxd5 g6 0-1

[Event "16th HSG Open-A 2022"]
[Site "Hilversum"]
[Date "2022.06.17"]
[Round "1.12"]
[White "Grutter, Tim"]
[Black "Schleipfenbauer, Bent"]
[Result "1-0"]
[ECO "B36"]
[WhiteElo "2241"]
[BlackElo "1981"]
[Annotator "NA RC"]
[PlyCount "85"]
[EventDate "2022.06.17"]
[EventCountry "NED"]
[SourceTitle "playchess.com"]
[Source "ChessBase"]
[SourceQuality "1"]
[TimeControl "6600+10"]

1. e4 c5 2. Nf3 Nc6 3. d4 cxd4 4. Nxd4 g6 5. c4 Nf6 6. Nc3 d6 7. Be2 Nxd4 8. Qxd4 Bg7 9. Be3 O-O 10. Qd2 Be6 11. O-O a5 12. b3 a4 13. f3 axb3 14. axb3 Nd7 15. Rxa8 Qxa8 16. Na4 b5 17. cxb5 Bxb3 18. Nb6 Nxb6 19. Bxb6 Qb7 20. Be3 f5 21. Qb4 Be6 22. Rc1 Rc8 23. Rxc8+ Bxc8 24. Bc4+ Kf8 25. Bd5 Qb8 26. b6 Bb7 27. Qa5 fxe4 28. Bxb7 Qxb7 29. Qa7 Qd5 30. b7 Qd1+ 31. Kf2 Qc2+ 32. Kg3 Be5+ 33. f4 Bxf4+ 34. Bxf4 Qc3+ 35. Be3 Qe5+ 36. Kf2 Qb2+ 37. Ke1 Qb1+ 38. Ke2 Qb5+ 39. Kf2 Qb2+ 40. Kg3 Qe5+ 41. Bf4 Qc3+ 42. Kh4 Qe1+ 43. Kh3 1-0

[Event "16th HSG Open-A 2022"]
[Site "Hilversum"]
[Date "2022.06.17"]
[Round "2.1"]
[White "Beerdsen, Thomas"]
[Black "Vlaming, Jos"]
[Result "1-0"]
[ECO "B15"]
[WhiteElo "2497"]
[BlackElo "2111"]
[Annotator "TA"]
[PlyCount "29"]
[EventDate "2022.06.17"]
[EventCountry "NED"]
[SourceTitle "playchess.com"]
[Source "ChessBase"]
[SourceQuality "1"]
[TimeControl "6600+10"]

1. e4 g6 2. d4 Bg7 3. Nc3 c6 4. Nf3 d5 5. h3 Nf6 6. e5 Ne4 7. Be2 {[%emt 0:00:22] [#] B15: Caro-Kann: 3 Nc3: 3...g6 and 3...dxe4 4 Nxe4 Nf6 5 Nxf6+ exf6.} Nxc3 $146 ({Predecessor:} 7... O-O 8. O-O c5 9. Be3 Nc6 10. dxc5 Nxc3 11. bxc3 Nxe5 12. Nxe5 Bxe5 13. Bd4 Bf4 14. c4 e5 {½-½ (59) Tsarsitalidis,K (1851)-Chatzieleftheriou,A (2012) Rio 2018}) 8. bxc3 O-O 9. h4 {[%emt 0:00:12][%cal Bh3h4,Bh4h5,Bh5g6,Bg6h7][%mdl 32] White has an edge.} c5 10. h5 ({Of course not} 10. dxc5 Nc6 $11) 10... Nc6 11. Bd2 Bg4 ({Better is} 11... Qc7 $14) 12. hxg6 f6 (12... fxg6 $14 13. Ng5 Bxe2 14. Qxe2 cxd4) 13. gxh7+ $18 {[%emt 0:01:24] White is clearly winning.} Kf7 {[%emt 0:01:44] [#]} 14. Ng5+ $1 fxg5 15. Bxg4 {[%emt 0:00:08] White took control after the opening.  Weighted Error Value: White=0.21 (precise) /Black=0.30} 1-0